 Dungeon Crawl Stone Soup version 0.28.0 (webtiles) character file.

Game seed: 17115937990943295084

7 lonewolfV2 the Scratcher (level 1, -1/10 HPs)
             Began as a Felid Fighter on Feb 9, 2022.
             Succumbed to an adder's poison
             ... on level 2 of the Dungeon.
             The game lasted 00:00:35 (524 turns).

lonewolfV2 the Scratcher (Felid Fighter)             Turns: 524, Time: 00:00:36

Health: -1/10      AC:  1    Str: 12    XL:     1   Next: 91%
Magic:  2/2        EV: 18    Int:  9    God:
Gold:   38         SH:  0    Dex: 15    Spells: 0/0 levels left
                                        Lives:  0   Deaths: 0

rFire   . . .      SeeInvis +     - Unarmed
rCold   . . .      Faith    .   (shield unavailable)
rNeg    . . .      Spirit   .   (armour unavailable)
rPois   .          Reflect  .   (helmet unavailable)
rElec   .          Harm     .   (cloak unavailable)
rCorr   .          Rampage  .   (gloves unavailable)
Will    .....                   (boots unavailable)
Stlth   +.........              (no amulet)
HPRegen 0.03/turn               (no ring)
MPRegen 0.08/turn               (no ring)

@: lethally poisoned (-1 -> -6), quick
A: very small, claws 1, fangs 3, see invisible, speed 1, shaggy fur 1, stealthy
paws, no weapons or thrown items, no armour, multi-lived
a: no special abilities


You were on level 2 of the Dungeon.
You visited 1 branch of the dungeon, and saw 2 of its levels.

You collected 38 gold pieces.

Inventory:

Scrolls
 b - 3 scrolls of teleportation {unknown}
 d - a scroll of enchant armour {unknown}
Potions
 a - a potion of might
 c - 2 potions of heal wounds {unknown}


   Skills:
 + Level 3.0 Fighting
 + Level 4.1 Dodging
 + Level 4.3 Unarmed Combat


You couldn't memorise any spells.
You didn't know any spells.
Your spell library was empty.

Dungeon Overview and Level Annotations

Branches:
Dungeon (2/15)

Altars:


Innate Abilities, Weirdness & Mutations

You have sharp claws.
You have razor-sharp teeth.
You have supernaturally acute eyesight. (SInv)
You cover ground quickly. (Speed+)
You are covered in fur. (AC +1)
Your paws help you pounce on unaware monsters.
You are incapable of wielding weapons or throwing items.
You cannot wear armour.
You gain extra lives every three experience levels.


Message History

The adder hisses angrily.
The frilled lizard hisses angrily.
Found a stone staircase leading down and a stone staircase leading up.
There is a stone staircase leading up here.
There are monsters nearby!
There are monsters nearby!
The adder completely misses you.
You scratch the adder but do no damage.
The frilled lizard unfolds its giant frill.
The adder closely misses you. The giant cockroach bites you.
You closely miss the adder. The adder barely misses you.
The giant cockroach bites you.
You scratch the adder.
The adder is moderately wounded.
The adder closely misses you. The giant cockroach misses you.
The adder bites you.
You barely miss the adder.
The adder is moderately wounded.
The giant cockroach bites you.
The frilled lizard bites you but does no damage.
The adder barely misses you.
You miss the adder.
The adder is moderately wounded.
The giant cockroach bites you.
* * * LOW HITPOINT WARNING * * *
The frilled lizard barely misses you. The adder barely misses you.
The giant cockroach barely misses you.
You completely miss the adder. You bite the adder, but do no damage.
The adder is moderately wounded.
The adder barely misses you. The frilled lizard misses you.
The giant cockroach barely misses you.
You claw the adder! Your bite misses the adder.
The adder is almost dead.
The adder completely misses you. The frilled lizard misses you.
The giant cockroach barely misses you. The adder bites you.
* * * LOW HITPOINT WARNING * * *
You are lethally poisoned!
The adder poisons you!
You scratch the adder but do no damage.
The adder is almost dead.
You die...

#####
##...##
##8.l.8##
#...B@..#
+...8S>.#
#.......#
##8.<.8##
##...##
#####


You could see an adder, a giant cockroach and a frilled lizard.

Vanquished Creatures
  A ball python (D:1)
  A giant cockroach (D:1)
  A goblin (D:1)
  A quokka (D:1)
  A bat (D:1)
  2 rats (D:1)
7 creatures vanquished.

Notes
Turn   | Place    | Note
-------+----------+-------------------------------------------
     0 | D:1      | lonewolfV2 the Felid Fighter began the quest for the Orb.
     0 | D:1      | Reached XP level 1. HP: 10/10 MP: 2/2
    81 | D:1      | Found a faded altar of an unknown god.
   524 | D:2      | Succumbed to an adder's poison

Illustrated notes

Levels and vault maps discovered:
D:1:      tarquinn_simple_flora_water_c, layout_rooms,
          chequers_ecumenical_altar_island
D:2:      layout_loops_ring, serial_shops, nicolae_shop_window_shopping, shop,
          grunt_ministairs_7, glass_columns_a

Action                   || total
-------------------------++-------
Melee: Unarmed           ||    17
       Bite              ||     2
 Stab: Sleeping          ||     1
Armor: Skin              ||     2
Dodge: Dodged            ||    22
